 Dungeon Crawl Stone Soup version 0.32-a0-172-gc5dd13f2a7 (webtiles) character file.

Game seed: 4941445655816332537

53 Dittersdorf the Shield-Bearer (level 3, 0/24 HPs)
             Began as a Gargoyle Fighter on Feb 12, 2024.
             Slain by a goblin
             ... wielding a +0 dagger
             ... led by Robin
              (3 damage)
             ... on level 2 of the Dungeon.
             The game lasted 00:01:18 (1031 turns).

Dittersdorf the Shield-Bearer (Gargoyle Fighter)    Turns: 1031, Time: 00:01:18

Health: 0/24       AC: 12    Str: 21    XL:     3   Next: 89%
Magic:  3/3        EV:  9    Int:  8    God:
Gold:   85         SH:  4    Dex:  9    Spells: 2/2 levels left

rFire   . . .        a - +0 flail
rCold   . . .        c - +0 buckler
rNeg    + . .        b - +0 scale mail
rPois   ∞            k - +0 helmet
rElec   +            (no cloak)
rCorr   .            j - +0 pair of gloves
SInv    .            (no boots)
Will    .....        (no amulet) Stlth
                     (no ring)
HPRegen 0.24/turn    (no ring)
MPRegen 0.08/turn

%: no passive effects
@: no status effects
A: sickness immunity, AC +3, negative energy resistance 1, electricity
resistance, torment resistance 1, petrification resistance
a: no special abilities


You were on level 2 of the Dungeon.
You visited 1 branch of the dungeon, and saw 2 of its levels.

You collected 85 gold pieces.

Inventory:

Hand Weapons
 a - a +0 flail (weapon)
Missiles
 h - 3 curare-tipped darts (quivered)
Armour
 b - a +0 scale mail (worn)
 c - a +0 buckler (worn)
 j - a +0 pair of gloves (worn)
 k - a +0 helmet (worn)
Scrolls
 e - a scroll of fog {unknown}
 f - 2 scrolls of identify {unknown}
 l - a scroll of acquirement {unknown}
 n - a scroll of teleportation {unknown}
Potions
 d - a potion of might
 g - a potion of invisibility {unknown}
 i - a potion of degeneration {unknown}
 m - a potion of ambrosia {unknown}
 o - a potion of heal wounds {unknown}


   Skills:
 + Level 3.8 Fighting
 + Level 2.6 Maces & Flails
 + Level 3.8 Armour
 + Level 3.8 Shields


You had 2 spell levels left.
You didn't know any spells.
Your spell library was empty.

Dungeon Overview and Level Annotations

Branches:
Dungeon (2/15)

Altars:

Shops:
D:1 [

Annotations:
D:2 Robin


Innate Abilities, Weirdness & Mutations

You are immune to sickness and miasma.
Your stone body is resilient. (AC +3)
You are immune to poison.
You resist negative energy. (rN+)
You are resistant to electric shocks. (rElec)
You are resistant to unholy torment.
You are immune to petrification.


Message History

The goblin hits you but does no damage. Robin throws the goblin at you!
The goblin hits you but does no damage. x2; The goblin closely misses you.
The goblin completely misses you.
You closely miss the hobgoblin. The goblin hits you with a +0 dagger.
The goblin hits you with a +0 club. The hobgoblin hits you.
The hobgoblin barely misses you. The goblin misses you.
The goblin completely misses you.
Things that are here:
a +0 club; a goblin corpse The goblin unwields a +0 dagger.
The goblin wields a +0 sling.
The goblin shoots a sling bullet.
The sling bullet closely misses you. Robin throws the goblin at you!
The goblin closely misses you. The goblin hits you but does no damage.
The goblin hits you with a +0 club.
* * * LOW HITPOINT WARNING * * *
The hobgoblin attacks as it pursues you!
The hobgoblin hits you.
* * * LOW HITPOINT WARNING * * *
The goblin unwields a +0 club.
The goblin wields a +0 sling.
The goblin shoots a sling bullet.
The sling bullet hits you but does no damage.
The hobgoblin attacks as it pursues you!
The hobgoblin hits you but does no damage.
The goblin no longer looks unusually strong. x2
The hobgoblin no longer looks unusually strong.
The goblin no longer looks unusually strong.
The goblin barely misses you.
The hobgoblin no longer looks unusually strong.
Robin throws the goblin at you! The goblin attacks as it pursues you!
The goblin hits you but does no damage. The goblin completely misses you.
The hobgoblin no longer looks unusually strong.
The goblin no longer looks unusually strong. x2
Robin roars a battlecry!
The goblins go into a battle-frenzy!
The hobgoblin attacks as it pursues you!
The hobgoblin barely misses you.
The goblin no longer looks unusually strong.
The goblin hits you but does no damage. The goblin attacks as it pursues you!
The goblin hits you with a +0 dagger.
You die...

.# #..........####......#.##.....
.# #............#.......#..#.....
## #............#..........$.$...
####.............†...............
..........†.................)....
..........#......................
..........#.......gg..g)....)....
.................g.g.g.g.........
..###.........##@#g.g............
#.#$#.........##.#g..............
..###.........##.#...............
......#.......+..#...............
..............##.#...............
...........#..<#.#...............
...........###...#...............
.........#.###...#...............
.......#.#...+...#...............


You could see Robin, 3 hobgoblins and 3 goblins.

Vanquished Creatures
  An adder (D:2)
  3 dart slugs
  5 ball pythons
  A bat (D:1)
  3 endoplasms
  4 goblins
  5 hobgoblins
  3 jackals (D:1)
  2 quokkas (D:1)
  2 frilled lizards (D:1)
  4 kobolds
  A rat (D:1)
34 creatures vanquished.

Notes
Turn   | Place    | Note
-------+----------+-------------------------------------------
     0 | D:1      | Dittersdorf the Gargoyle Fighter began the quest for the
                  | Orb.
     0 | D:1      | Reached XP level 1. HP: 14/14 MP: 1/1
     2 | D:1      | Noticed a draconian
     2 | D:1      | Noticed an armataur
     4 | D:1      | Noticed a human
     6 | D:1      | Noticed a naga
     8 | D:1      | Noticed a ghoul
     8 | D:1      | Noticed a minotaur
    11 | D:1      | Noticed a vampire
    11 | D:1      | Noticed a demigod
    13 | D:1      | Noticed a tengu
    13 | D:1      | Noticed an elf
    15 | D:1      | Noticed a spriggan
    17 | D:1      | Noticed a demonspawn
    17 | D:1      | Noticed a djinni
    19 | D:1      | Noticed an octopode
    19 | D:1      | Noticed a formicid
    21 | D:1      | Noticed a vine stalker
    23 | D:1      | Noticed a merfolk
    23 | D:1      | Noticed a felid
    25 | D:1      | Noticed a troll
    25 | D:1      | Noticed a barachi
    27 | D:1      | Noticed a gargoyle
    27 | D:1      | Noticed an oni
    98 | D:1      | Reached XP level 2. HP: 18/19 MP: 2/2
   453 | D:1      | Found Joconnol's Armour Shop.
   564 | D:1      | Reached XP level 3. HP: 23/23 MP: 3/3
  1012 | D:2      | Noticed Robin
  1022 | D:2      | HP: 1/24 [hobgoblin[Robin] (5)]
  1031 | D:2      | Slain by a goblin

Illustrated notes

Levels and vault maps discovered:
D:1:      kb_arrival_jail, layout_basic, serial_shops, shop,
          grunt_decor_fettered
D:2:      layout_basic, ebering_ecumenical_altar_hall, item_on_display_a,
          uniq_robin, uniq_terence, uniq_natasha

Action                     || total
---------------------------++-------
  Melee: Flail             ||    87
 Armour: Scale mail        ||    79
  Dodge: Dodged            ||    43
  Block: Buckler           ||    17

Table legend: (Time is in decaauts)
 A = Elapsed time spent in this place.
 B = Non-inter-level travel time spent in this place.
 C = Inter-level travel time spent in this place.
 D = Time resting spent in this place.
 E = Time spent auto-exploring this place.
 F = Levels seen in this place.
 G = Mean time per level.
                   A        B        C        D        E       F      G
               +--------+--------+--------+--------+--------+-----+--------+
         Total |   1058 |   1036 |     22 |      0 |    770 |   2 |  529.0 |
       Dungeon |   1058 |   1036 |     22 |      0 |    770 |   2 |  529.0 |
               +--------+--------+--------+--------+--------+-----+--------+

Top non-repeatable levels by time:
     D:1: 842 daAuts
     D:2: 216 daAuts
